 Dungeon Crawl Stone Soup version 0.19.4-10-g532645f (webtiles) character file.

125757 Gargoyl the Cleaver (level 16, -22/137 HPs)
             Began as a Ghoul Abyssal Knight on Feb 25, 2017.
             Was the Champion of Lugonu.
             Killed from afar by a fire giant (52 damage)
             ... with a bolt of fire
             ... summoned by an ogre mage
             ... on level 1 of the Depths.
             The game lasted 01:26:43 (26154 turns).

Gargoyl the Cleaver (Ghoul Abyssal Knight)         Turns: 26154, Time: 01:26:43

Health: -22/137    AC: 28    Str: 25    XL:     16   Next: 96%
Magic:  16/25      EV: 12    Int:  9    God:    Lugonu [******]
Gold:   2350       SH: 19    Dex: 15    Spells: 0 memorised, 15 levels left

rFire  x . .     SeeInvis +     a - +10 war axe of the Abyss {chop, rElec rPois}
rCold  + + +     Gourm    .     X - +2 ice dragon scales of Forking Paths {rPois rF- rC++ Str+3 Dex+3 SInv}
rNeg   + + +     Faith    .     i - +1 shield
rPois  ∞         Spirit   .     q - +2 helmet
rElec  +         Reflect  +     v - +2 cloak
rCorr  +         Harm     .     h - +0 pair of gloves of Quantum Leap {rPois rCorr Str+2 Int+2 Dex-3}
MR     +....                    T - +2 pair of boots
Stlth  ..........               l - +5 amulet of reflection
                                A - +4 ring of dexterity
                                N - +4 ring of slaying

@: rotting
A: rotting body, claws 1, carnivore 3, cold resistance 1, negative energy
resistance 3, slow regeneration 1, torment resistance, unbreathing
a: Depart the Abyss, Bend Space, Banish, Corrupt, Enter the Abyss, Brand Weapon
With Distortion, Renounce Religion


You were on level 1 of the Depths.
You worshipped Lugonu.
Lugonu was exalted by your worship.
You were not hungry.

You visited 4 branches of the dungeon, and saw 24 of its levels.
You visited the Abyss 1 time.
You also visited: Labyrinth, Bailey and Ice Cave.

You collected 2663 gold pieces.
You spent 313 gold pieces at shops.

Inventory:

Hand Weapons
 a - the +10 war axe of the Abyss (weapon) {chop, rElec rPois}
   (You found it on level 9 of the Dungeon)

   It inflicts extra damage upon your enemies.
   It insulates you from electricity.
   It protects you from poison.
 b - a +2 vampiric demon trident
 z - a +0 broad axe
 E - a +4 hand crossbow of flaming
 K - a +4 war axe
Missiles
 j - 4 javelins (quivered)
 J - 172 bolts
Armour
 h - the +0 pair of gloves of Quantum Leap (worn) {rPois rCorr Str+2 Int+2 Dex-3}
   (You found it on level 2 of the Abyss)

   It affects your strength (+2).
   It affects your intelligence (+2).
   It affects your dexterity (-3).
   It protects you from poison.
   It protects you from acid and corrosion.
 i - a +1 shield (worn)
 q - a +2 helmet (worn)
 v - a +2 cloak (worn)
 I - a +5 chain mail
 T - a +2 pair of boots (worn)
 X - the +2 ice dragon scales of Forking Paths (worn) {rPois rF- rC++ Str+3 Dex+3 SInv}
   (You found it in an ice cave)

   It affects your strength (+3).
   It affects your dexterity (+3).
   It makes you vulnerable to fire.
   It greatly protects you from cold.
   It protects you from poison.
   It lets you see invisible.
Jewellery
 d - a +4 ring of strength
 l - a +5 amulet of reflection (around neck)
 n - an uncursed ring of protection from fire
 A - a +4 ring of dexterity (right hand)
 B - an uncursed amulet of regeneration
 N - a +4 ring of slaying (left hand)
 Z - an uncursed ring of protection from cold
Wands
 s - a wand of flame (38/48)
 u - a wand of iceblast (8/15)
 O - a wand of confusion (17/48)
 V - a wand of digging (6/24)
Scrolls
 e - 12 scrolls of teleportation
 o - 8 scrolls of remove curse
 r - 2 scrolls of fog
 x - 6 scrolls of magic mapping
 y - 3 scrolls of amnesia
 F - a scroll of enchant armour
 G - a scroll of identify
 L - 4 scrolls of enchant weapon
 M - 2 scrolls of summoning
 P - 3 scrolls of blinking
 Q - 2 scrolls of recharging
 W - 2 scrolls of fear
Potions
 f - 3 potions of invisibility
 k - 3 potions of curing
 m - 9 potions of brilliance
 p - 3 potions of cancellation
 t - a potion of ambrosia {unknown}
 w - 2 potions of agility
 D - 2 potions of resistance
 H - 2 potions of magic
 R - 3 potions of haste
 S - 2 potions of heal wounds
 U - 3 potions of flight {unknown}
 Y - a potion of might
Comestibles
 c - 8 meat rations
 g - 6 chunks of flesh


   Skills:
 + Level 11.0 Fighting
 + Level 14.4(14.5) Axes
   Level 2.6(10.0) Maces & Flails
 + Level 2.4 Crossbows
 + Level 0.3 Throwing
 * Level 12.5 Armour
 + Level 4.7 Dodging
 + Level 11.6 Shields
 * Level 14.3 Invocations


You had 15 spell levels left.
You didn't know any spells.

Dungeon Overview and Level Annotations

Branches:
Dungeon (15/15)            Temple (0/1) D:7            Lair (6/6) D:11
 Shoals (0/4) Lair:2       Spider (0/4) Lair:2        Slime (0/5) Lair:6
    Orc (2/2) D:12            Elf (0/3) Orc:2        Vaults (0/5) D:14
 Depths (1/5) D:15

Altars:
Gozag
Kikubaaqudgha
Qazlal
Sif Muna
Trog
Vehumet
The Shining One
Beogh

Shops:
D:4 :   D:7 :[   Orc:2 (?%?   Depths:1 *

Portals:
Hell: Depths:1

Annotations:
D:5 vilekko's ghost, amateur MiFi


Innate Abilities, Weirdness & Mutations

Your body is rotting away.
You thrive on raw meat.
You are immune to poison.
You have sharp fingernails.
You are carnivorous and can eat meat at any time.
Your flesh is cold resistant. (rC+)
You are immune to negative energy. (rN+++)
You regenerate slowly when monsters are visible.
You are immune to unholy pain and torment.
You can survive without breathing.


Message History

Items here: % ) [[ ÷ a +0 troll leather armour; a long sword of protection; a robe 5 chunks of flesh; a deep troll skeleton
g - 7 chunks of flesh (gained 5)
The yaktaur misses you.
The ogre mage hits you but does no damage.
The fire giant hits you with a great sword of flaming!!
* * * LOW HITPOINT WARNING * * *
The fire giant burns you!
* * * LOW HITPOINT WARNING * * *
Eat one of 7 chunks of flesh? (ye/n/q)
You start eating one of the 7 chunks of flesh.
The ogre mage hits you but does no damage.
You block the yaktaur's attack.
This raw flesh tastes great!
Eat one of 6 chunks of flesh? (ye/n/q)
You start eating one of the 6 chunks of flesh.
The fire giant casts a spell at you. The bolt of fire hits you!
The fire burns you terribly!
You die...

.. #.#......#. ##.
##......### #..
#...#....#. #..
#..###..... #..
##...#...... #..
##........### #Q##
#........####
#.##.#Dc#####...#...###
#
#.....DC@......###..##
##...#O######...#...##
# #. #. #........####
#. ##........### #.
##...#...... ..
..###..... ..
...#....#. .D ......###
......#.


You could see a fire giant, 2 ice dragons, an ogre mage, a yaktaur and a tengu
conjurer.

Vanquished Creatures
  A lich (Depths:1)
  Kirke (D:14)
  An orc warlord (Orc:2)
  A very ugly thing (Depths:1)
  2 stone giants (Depths:1)
  Azrael (D:14)
  The ghost of vilekko the Protected, a journeyman MiFi of Trog (D:12)
  A fire dragon (Lair:6)
  3 ettins
  A minotaur (Lab)
  A great orb of eyes (Depths:1)
  Fannar (D:11)
  A rakshasa (Depths:1)
  An ice dragon (Lair:4)
  3 centaur warriors
  2 dancing weapons (D:14)
  A deep troll shaman (Depths:1)
  4 tengu warriors
  4 ogre magi
  4 death yaks (Lair:5)
  4 deep troll earth magi (Depths:1)
  A vampire mage (Depths:1)
  A hell knight (D:15)
  2 sun demons
  4 orc high priests (Orc:2)
  A fire crab (Lair:6)
  A salamander mystic (Depths:1)
  A skeletal warrior (D:14)
  2 unseen horrors
  2 deep trolls (Depths:1)
  7 hill giants
  A wolf spider (D:15)
  22 ugly things
  10 orc knights
  6 orc sorcerers (Orc:2)
  3 cyclopes (D:15)
  3 manticores
  5 salamanders (Depths:1)
  4 elephants (Lair:5)
  3 ice statues (IceCv)
  6 black mambas
  2 gargoyles
  2 molten gargoyles (Lair:6)
  16 spiny frogs
  A rime drake (shapeshifter) (D:14)
  7 rime drakes
  A yaktaur (D:15)
  A kobold demonologist (D:11)
  3 tengu conjurers
  A freezing wraith (D:14)
  An efreet (D:12)
  11 komodo dragons
  An ice devil (D:15)
  6 trolls
  A merfolk (Lair:2)
  3 polar bears
  A jumping spider (Lair:2)
  15 blink frogs
  A wolf spider simulacrum (D:13)
  10 slime creatures
  7 two-headed ogres
  6 hippogriffs
  A meliai zombie (D:13)
  A minotaur skeleton (Lab)
  2 centaur simulacra
  5 shadows
  4 redbacks
  A spriggan (shapeshifter) (D:15)
  5 wyverns
  A vampire (D:10)
  6 basilisks
  4 fire elementals (D:14)
  2 wraiths
  6 hogs (D:14)
  26 yaks
  A hungry ghost (Lab)
  A steam dragon (D:10)
  2 mottled dragons
  A swamp worm (shapeshifter) (D:15)
  4 wargs
  8 hell hounds
  14 water moccasins
  A water moccasin (shapeshifter) (D:12)
  6 sky beasts
  9 porcupines
  3 black bears
  51 orc warriors
  15 ice beasts
  4 phantoms
  9 wolves (Lair:3)
  3 eyes of draining
  20 ogres
  16 crocodiles
  7 centaurs
  5 big kobolds
  18 bullfrogs
  A wyvern zombie (D:12)
  A gnoll sergeant (D:9)
  6 scorpions
  A water moccasin skeleton (D:7)
  A killer bee (D:8)
  5 wights (D:15)
  10 electric eels
  2 howler monkeys
  6 jellies
  13 crimson imps
  3 centaur zombies
  5 lava snakes (Lair:6)
  2 quasits
  25 orc priests (Orc:2)
  A wyvern simulacrum (D:13)
  3 bullfrog skeletons
  6 hounds
  2 centaur skeletons
  An iguana (D:7)
  24 orc wizards
  9 worker ants
  A hell rat (Lair:3)
  A hound skeleton (D:8)
  2 worker ant zombies
  Robin (D:3)
  16 adders
  3 shadow imps
  5 white imps
  An ooze (Lair:5)
  3 adder skeletons
  A worm (D:3)
  2 dart slugs (D:1)
  7 leopard geckos
  137 orcs
  4 bats
  6 giant cockroaches
  15 goblins
  13 hobgoblins
  4 jackals
  A ball python (D:3)
  5 frilled lizards
  17 kobolds
  A leopard gecko skeleton (D:4)
  6 rats
  6 fungi
  A plant (Lair:1)
869 creatures vanquished.

Vanquished Creatures (collateral kills)
  3 yaks (D:12)
3 creatures vanquished.

Vanquished Creatures (others)
  7 hydras
  A vampire mage (Depths:1)
  An unseen horror (D:15)
  An orc knight (Bailey)
  A cyclops (D:13)
  A molten gargoyle (Lair:6)
  A yaktaur (Depths:1)
  A freezing wraith (D:14)
  A polar bear (D:11)
  A yak (Lair:6)
  A basilisk (Lair:6)
  7 centaurs
  An orc wizard (D:12)
  7 orcs
  A goblin (D:2)
  2 kobolds (D:7)
  3 fungi (Lair:5)
  6 plants
  A withered plant (D:7)
45 creatures vanquished.

Grand Total: 917 creatures vanquished

Notes
Turn   | Place    | Note
-------+----------+-------------------------------------------
     0 | Abyss:1  | Gargoyl the Ghoul Abyssal Knight began the quest for the Orb.
     0 | Abyss:1  | Reached XP level 1. HP: 19/19 MP: 1/1
     3 | Abyss:1  | Found a corrupted altar of Lugonu.
    75 | Abyss:1  | Noticed a bone dragon
   188 | Abyss:2  | Noticed a shadow demon
   190 | Abyss:2  | Noticed a neqoxec
   192 | Abyss:2  | Noticed a ynoxinul
   192 | Abyss:2  | Got a pair of distressingly furry gloves
   193 | D:1      | Escaped the Abyss
   199 | D:1      | Identified the +0 pair of gloves of Quantum Leap {rPois rCorr Str+2 Int+2 Dex-3} (You found it on level 2 of the Abyss)
   351 | D:1      | Reached XP level 2. HP: 26/26 MP: 2/2
   407 | D:1      | Reached * piety under Lugonu
   822 | D:1      | Reached XP level 3. HP: 32/33 MP: 3/3
  1130 | D:2      | Reached skill level 1 in Dodging
  1448 | D:2      | Reached XP level 4. HP: 40/40 MP: 4/4
  2100 | D:3      | Reached XP level 5. HP: 46/46 MP: 6/6
  2348 | D:3      | Noticed Robin
  2352 | D:3      | Reached skill level 1 in Shields
  2356 | D:3      | Reached ** piety under Lugonu
  2375 | D:3      | Killed Robin
  2976 | D:4      | Found Egon's Book Shop.
  3132 | D:4      | Reached XP level 6. HP: 52/52 MP: 7/7
  3528 | D:4      | Noticed a phantom
  3597 | D:4      | Killed a phantom
  3682 | D:4      | Reached XP level 7. HP: 55/58 MP: 8/8
  4068 | D:5      | Entered Level 5 of the Dungeon
  4330 | D:5      | Noticed vilekko's ghost (amateur MiFi)
  5268 | D:6      | Reached XP level 8. HP: 67/67 MP: 10/10
  5426 | D:6      | Reached skill level 5 in Invocations
  5435 | D:6      | Found an opulent altar of Gozag.
  5747 | D:7      | Identified a scroll of acquirement
  5759 | D:7      | Reached *** piety under Lugonu
  5887 | D:6      | Reached skill level 5 in Armour
  6091 | D:6      | Reached skill level 5 in Axes
  6423 | D:4      | Found a radiant altar of Vehumet.
  6732 | D:6      | Reached XP level 9. HP: 71/73 MP: 12/12
  6974 | D:6      | Reached skill level 5 in Fighting
  7095 | D:7      | Reached skill level 1 in Crossbows
  7156 | D:7      | Found Qairih's Antique Armour Boutique.
  7273 | D:7      | Found an ancient bone altar of Kikubaaqudgha.
  7288 | D:7      | Found a staircase to the Ecumenical Temple.
  7377 | D:7      | Got a pitted whip
  7378 | D:7      | Identified the +6 whip "Zutzorph" {slash, rElec rC+ Int+2 Stlth-} (You found it on level 7 of the Dungeon)
  7380 | D:7      | Found Zadd's Book Shop.
  7723 | D:7      | Found a glowing golden altar of the Shining One.
  8030 | D:8      | Reached skill level 5 in Shields
  8289 | D:8      | Reached skill level 1 in Maces & Flails
  8617 | D:8      | Found a bloodstained altar of Trog.
  8638 | D:8      | Reached **** piety under Lugonu
  8646 | D:8      | Reached XP level 10. HP: 59/81 MP: 14/14
  9017 | D:9      | Got a transparent war axe
  9020 | D:9      | Identified the +10 war axe of the Abyss {chop, rElec rPois} (You found it on level 9 of the Dungeon)
  9063 | D:9      | Found a radiant altar of Vehumet.
  9069 | D:9      | Found a runed door.
  9079 | D:9      | Found a stormy altar of Qazlal.
  9404 | D:9      | Found a runed door.
  9581 | D:10     | Entered Level 10 of the Dungeon
  9736 | D:10     | Noticed a gargoyle
  9746 | D:10     | Killed a gargoyle
  9865 | D:10     | Noticed a hill giant
  9877 | D:10     | Killed a hill giant
 10380 | D:11     | Noticed a manticore
 10385 | D:11     | Killed a manticore
 10385 | D:11     | Reached XP level 11. HP: 46/89 MP: 14/16
 10492 | D:11     | Noticed a hill giant
 10503 | D:11     | Killed a hill giant
 10701 | D:11     | Noticed an ice dragon
 10709 | D:11     | Banished an ice dragon
 10856 | D:11     | Found a staircase to the Lair.
 10931 | D:11     | Noticed Fannar
 10995 | D:11     | Killed Fannar
 11152 | D:11     | Noticed a cyan ugly thing
 11170 | D:11     | Killed a cyan ugly thing
 11626 | Lair:1   | Entered Level 1 of the Lair of Beasts
 12046 | Lair:1   | Reached XP level 12. HP: 78/99 MP: 18/18
 13030 | Lair:2   | Reached skill level 10 in Invocations
 13206 | Lair:2   | Found a hole to the Spider Nest.
 13218 | Lair:2   | Reached ***** piety under Lugonu
 13458 | Lair:2   | Found a staircase to the Shoals.
 13946 | Lair:3   | Reached skill level 10 in Axes
 14847 | Lair:4   | Reached XP level 13. HP: 101/107 MP: 19/19
 15045 | Lair:4   | Noticed an ice dragon
 15069 | Lair:4   | Killed an ice dragon
 15519 | Lair:5   | Found a labyrinth entrance.
 15540 | Lab      | Entered a labyrinth
 16220 | Lab      | Noticed a minotaur
 16228 | Lab      | Killed a minotaur
 16233 | Lab      | Got an ebony falchion
 16236 | Lair:5   | Identified the +7 falchion "Tomiev" {speed, MP+9 Dex+2} (You found it in a labyrinth)
 17048 | Lair:5   | Reached skill level 10 in Armour
 17319 | Lair:6   | Entered Level 6 of the Lair of Beasts
 17647 | Lair:6   | Found a staircase to the Slime Pits.
 17751 | Lair:6   | Reached XP level 14. HP: 93/116 MP: 21/21
 17793 | Lair:6   | Found a large runed door.
 17793 | Lair:6   | Found a large runed door.
 18347 | D:12     | Found a flagged portal.
 18362 | Bailey   | Entered a bailey
 18743 | D:12     | Noticed vilekko's ghost (journeyman MiFi)
 18761 | D:12     | Killed vilekko's ghost
 18927 | D:12     | Found a staircase to the Orcish Mines.
 19268 | D:12     | Reached skill level 10 in Shields
 19692 | D:13     | Found a frozen archway.
 19696 | IceCv    | Entered an ice cave
 19879 | IceCv    | Got scorched ice dragon scales
 19890 | IceCv    | Identified the +2 ice dragon scales of Forking Paths {rPois rF- rC++ Str+3 Dex+3 SInv} (You found it in an ice cave)
 20084 | D:13     | Reached XP level 15. HP: 121/125 MP: 23/23
 20408 | Orc:1    | Entered Level 1 of the Orcish Mines
 20767 | Orc:2    | Entered Level 2 of the Orcish Mines
 20807 | Orc:2    | Reached ****** piety under Lugonu
 20987 | Orc:2    | Found a roughly hewn altar of Beogh.
 21104 | Orc:2    | Found Angeonuu's Magic Scroll Emporium.
 21126 | Orc:2    | Bought a scroll of blinking for 135 gold pieces
 21132 | Orc:2    | Found Icucven's Weapon Shoppe.
 21862 | Orc:2    | Found a staircase to the Elven Halls.
 22022 | Orc:2    | Found Nys Piso's Magic Scroll Shop.
 22055 | Orc:2    | Bought a scroll of enchant armour for 127 gold pieces
 22055 | Orc:2    | Bought a scroll of teleportation for 51 gold pieces
 22112 | Orc:2    | Noticed an orc warlord
 22138 | Orc:2    | Killed an orc warlord
 22193 | Orc:2    | Paralysed by an orc sorcerer for 2 turns
 22196 | Orc:2    | Found a roughly hewn altar of Beogh.
 22244 | Orc:2    | Found Mycsixyn's Food Shoppe.
 22458 | Orc:2    | Reached skill level 10 in Fighting
 23352 | D:14     | Noticed Kirke
 23374 | D:14     | Killed Kirke
 23546 | D:14     | Noticed Azrael
 23562 | D:14     | Killed Azrael
 23757 | D:14     | Found a gate to the Vaults.
 24094 | D:15     | Entered Level 15 of the Dungeon
 24114 | D:15     | Reached XP level 16. HP: 135/135 MP: 25/25
 24136 | D:15     | Found a staircase to the Depths.
 25080 | D:15     | Found a deep blue altar of Sif Muna.
 25177 | Depths:1 | Entered Level 1 of the Depths
 25237 | Depths:1 | Found a gateway to Hell.
 25603 | Depths:1 | Noticed a lich
 25616 | Depths:1 | Killed a lich
 25925 | Depths:1 | Found Lempises's Serpentskin Sales.
 26154 | Depths:1 | Killed from afar by a fire giant

Skill      XL: |  1  2  3  4  5  6  7  8  9 10 11 12 13 14 15 16 |
---------------+-------------------------------------------------+-----
Armour         | 2 3 4 5 6 7 8 9 10 11 12 | 12.5
Axes           | 2 3 4 5 7 8 10 11 12 13 14 | 14.4
Dodging        | 1 2 3 4 |  4.7
Fighting       | 4 5 6 7 8 9 10 11 | 11.0
Invocations    | 3 4 5 6 8 9 10 11 12 13 14 | 14.3
Shields        | 1 2 3 4 5 6 7 8 9 10 11 | 11.6
Crossbows      | 2 |  2.4
Maces & Flails | 2 |  2.6
Throwing       | |  0.3

Action                   |  1- 3 |  4- 6 |  7- 9 | 10-12 | 13-15 | 16-18 || total
-------------------------+-------+-------+-------+-------+-------+-------++-------
Melee: Hand axe          |   131 |   383 |   264 |       |       |       ||   778
       War axe           |       |       |   234 |   533 |  1218 |   331 ||  2316
       Whip              |       |       |   107 |    34 |       |       ||   141
       Demon trident     |       |       |       |       |       |     3 ||     3
 Fire: Hand crossbow     |       |       |    54 |     9 |       |       ||    63
Throw: Javelin           |       |       |     4 |       |       |       ||     4
Invok: Depart the Abyss  |     1 |       |       |       |       |       ||     1
       Banish            |       |       |       |     3 |    23 |     3 ||    29
Evoke: Wand              |       |     2 |       |       |       |       ||     2
  Use: Scroll            |     7 |     4 |     6 |    17 |    16 |     3 ||    53
       Potion            |       |       |     2 |     1 |     9 |     2 ||    14
 Stab: Invisible         |       |       |       |       |    25 |       ||    25
       Distracted        |       |       |       |       |     1 |       ||     1
  Eat: Chunk             |    11 |    17 |    51 |    95 |   252 |    52 ||   478
       Meat ration       |       |       |       |       |     1 |       ||     1
Armor: Plate armour      |   101 |   229 |   405 |   229 |       |       ||   964
       Chain mail        |       |       |       |    74 |   375 |       ||   449
       Ice dragon scales |       |       |       |       |   178 |   108 ||   286
Dodge: Dodged            |    22 |    23 |    73 |    83 |   335 |   105 ||   641
Block: Other             |     5 |       |       |       |       |       ||     5
       Shield            |    63 |   217 |   550 |   427 |  1143 |   302 ||  2702
       Reflection        |     1 |     2 |    21 |    17 |    37 |    17 ||    95
